 Dungeon Crawl Stone Soup version 0.31-a0-1237-gabc64e778c (webtiles) character file.

Game seed: 18040187997270814038

12 drugrobin the Sneak (level 2, -6/25 HPs)
             Began as a Demigod Delver on Dec 15, 2023.
             Mangled by a gnoll
             ... wielding a +0 flail
              (7 damage)
             ... on level 5 of the Dungeon.
             The game lasted 00:02:14 (217 turns).

drugrobin the Sneak (Demigod Delver)                 Turns: 217, Time: 00:02:15

Health: -6/25      AC:  3    Str: 13    XL:     2   Next: 9%
Magic:  4/4        EV: 11    Int: 12    God:
Gold:   18         SH:  0    Dex: 15    Spells: 1/1 levels left

rFire   . . .        a - +0 mace
rCold   . . .        (no shield)
rNeg    . . .        b - +0 leather armour
rPois   .            (no helmet)
rElec   .            (no cloak)
rCorr   .            (no gloves)
SInv    .            (no boots)
Will    .....        (no amulet)
Stlth   +++          (no ring)
HPRegen 0.24/turn    (no ring)
MPRegen 0.09/turn

%: no passive effects
@: hasted, very quick
A: high MP 1, forlorn, divine attributes
a: no special abilities


You were on level 5 of the Dungeon.
You visited 1 branch of the dungeon, and saw 2 of its levels.

You collected 18 gold pieces.

Inventory:

Hand Weapons
 a - a +0 mace (weapon)
Armour
 b - a +0 leather armour (worn)
Wands
 g - a wand of digging (1)
Scrolls
 c - a scroll of fog
 e - a scroll of fear
 h - a scroll of noise {unknown}


   Skills:
 - Level 2.6 Fighting
 + Level 2.6 Maces & Flails
 - Level 1.7 Dodging
 - Level 4.5 Stealth


You had one spell level left.
You didn't know any spells.
Your spell library was empty.

Dungeon Overview and Level Annotations

Branches:
Dungeon (5/15)
 Temple: D:4-7


Innate Abilities, Weirdness & Mutations

You have an increased reservoir of magic. (+10% MP)
You shall have no god before yourself.
Your divine heritage dramatically boosts your attributes as you level up.


Message History

Unknown command.
Unknown command.
Unknown command.
Unknown command.
Unknown command.
Unknown command.
The skeletal bat closely misses you. The gnoll barely misses you.
You see here 18 gold pieces.
Unknown command.
Unknown command.
Unknown command.
Unknown command.
Unknown command.
Unknown command.
Found a stone staircase leading up.
The skeletal bat barely misses you.
The skeletal bat hits you but does no damage.
The gnoll closely misses you. The gnoll hits you with a +0 flail. x2
The skeletal bat hits you but does no damage.
Unknown command.
Unknown command.
Unknown command.
Unknown command.
Okay, then.
You feel yourself speed up. The skeletal bat closely misses you.
The skeletal bat hits you but does no damage.
The skeletal bat closely misses you. The skeletal bat hits you.
The gnoll hits you with a +0 flail. The gnoll closely misses you.
The gnoll hits you with a +0 flail!
* * * LOW HITPOINT WARNING * * *
The skeletal bat hits you but does no damage.
The skeletal bat barely misses you.
Unknown command.
Unknown command.
Unknown command.
Unknown command.
Unknown command.
Unknown command.
The skeletal bat hits you but does no damage.
The gnoll hits you with a +0 flail!
You die...

*,*******,* **,,,**
*,,..*..,,* **+**
**,#<*.**,* *,*
*,*.#.**,* *,***
*,,...,,,* **,,,,
**##.###** **,,,**
*,....# *** *,,,,,*
*,#.#.###.##***,,,,,
*,#@gg......,,,,,,,*
#.##Z.###.#*****,***
#..gZZ# *** *,*
#####b## *,*** ##.#
*,,,, #b## *,***
######.## *,*
#.......#######,*
#.#####........,**


You could see a ghost-faced bat, 2 fire bats, 2 gnolls and 2 skeletal bats.

Vanquished Creatures
  An adder (D:5)
  A ball python (D:4)
  A giant cockroach (D:4)
3 creatures vanquished.

Notes
Turn   | Place    | Note
-------+----------+-------------------------------------------
     0 | D:5      | drugrobin the Demigod Delver began the quest for the Orb.
     0 | D:5      | Reached XP level 1. HP: 18/18 MP: 3/3
    28 | D:5      | Noticed an orc wizard
   103 | D:4      | Noticed a hound
   160 | D:4      | Noticed a phantom
   187 | D:5      | Noticed a jelly
   189 | D:5      | Noticed a giga bat
   189 | D:5      | Noticed a killer bee
   197 | D:5      | Reached XP level 2. HP: 19/25 MP: 4/4
   200 | D:5      | Noticed a phantom
   216 | D:5      | HP: 1/25 [gnoll/+0 flail (7)]
   217 | D:5      | Mangled by a gnoll

Illustrated notes

Levels and vault maps discovered:
D:4:      layout_rooms, nicolae_underground_beach
D:5:      layout_loops_corners, kennysheep_little_box, nzn_wu_jian_council_hall,
          minmay_misc_feat_roman, goddamned_bats

Skill      XL: |  1 |
---------------+----+-----
Maces & Flails | 2 |  2.6
Fighting       | |  2.6
Dodging        | |  1.7
Stealth        | |  4.5

Action                     || total
---------------------------++-------
  Melee: Mace              ||    10
         Punch             ||     1
  Evoke: Wand              ||     2
    Use: Scroll            ||     1
         Potion            ||     1
 Armour: Leather armour    ||    47
  Dodge: Dodged            ||    65

Table legend: (Time is in decaauts)
 A = Elapsed time spent in this place.
 B = Non-inter-level travel time spent in this place.
 C = Inter-level travel time spent in this place.
 D = Time resting spent in this place.
 E = Time spent auto-exploring this place.
 F = Levels seen in this place.
 G = Mean time per level.
                   A        B        C        D        E       F      G
               +--------+--------+--------+--------+--------+-----+--------+
         Total |    219 |    219 |      0 |      0 |     22 |   2 |  109.5 |
       Dungeon |    219 |    219 |      0 |      0 |     22 |   2 |  109.5 |
               +--------+--------+--------+--------+--------+-----+--------+

Top non-repeatable levels by time:
     D:5: 137 daAuts
     D:4: 82 daAuts
